 Dungeon Crawl Stone Soup version 0.28.0-1-gb440e238dd (webtiles) character file.

Game seed: 15121650503661553895

3581 hawla the Cudgeller (level 9, -2/72 HPs)
             Began as a Black Draconian Conjurer on Feb 20, 2022.
             Slain by an orc knight (6 damage)
             ... in a bailey on Feb 21, 2022.
             The game lasted 00:30:43 (9529 turns).

hawla the Cudgeller (Black Draconian Conjurer)      Turns: 9529, Time: 00:30:43

Health: -2/72      AC: 13    Str: 10    XL:     9   Next: 84%
Magic:  3/24       EV: 12    Int: 22    God:
Gold:   247        SH:  0    Dex: 10    Spells: 9/16 levels left

rFire   . . .      SeeInvis .   u - +6 whip "Kiq Tautae" {protect, rCorr Stlth+}
rCold   . . .      Faith    .   (no shield)
rNeg    . . .      Spirit   .   (armour unavailable)
rPois   .          Reflect  .   (helmet restricted)
rElec   +          Harm     .   p - +0 cloak
rCorr   +          Rampage  .   v - +0 pair of gloves
Will    .....                   (no boots)
Stlth   +++.......              (no amulet)
HPRegen 0.22/turn               k - +4 ring of protection
MPRegen 0.19/turn               g - ring of magical power

@: mighty, brilliant, very slightly contaminated
A: breathe lightning, AC +7, unfitting armour, electricity resistance,
cold-blooded
a: Breathe Lightning


You were in a bailey.
You visited 2 branches of the dungeon, and saw 8 of its levels.
You also visited: Bailey.

You collected 357 gold pieces.
You spent 110 gold pieces at shops.

Inventory:

Hand Weapons
 b - a +2 quarterstaff of chaos
 i - a +1 quarterstaff
 u - the +6 whip "Kiq Tautae" (weapon) {protect, rCorr Stlth+}
   (You took it off a hobgoblin on level 3 of the Dungeon)

   It grants its wielder temporary protection when it strikes (+7 to AC).
   rCorr:     It protects you from acid and corrosion.
   Stlth:     It makes you more stealthy.
Missiles
 a - 2 boomerangs of dispersal
 d - 8 boomerangs
 f - 6 javelins
 j - 4 poisoned darts (quivered)
 y - a curare-tipped dart
Armour
 p - a +0 cloak (worn)
 v - a +0 pair of gloves (worn)
Magical Staves
 o - a staff of poison
Jewellery
 g - a ring of magical power (right hand)
 k - a +4 ring of protection (left hand)
 s - a ring of fire
Scrolls
 n - a scroll of blinking
 r - 4 scrolls of teleportation
 t - a scroll of enchant weapon
Potions
 e - a potion of might
 h - a potion of heal wounds
 l - a potion of resistance
 m - a potion of haste
 z - a potion of attraction


   Skills:
 + Level 4.6 Fighting
 + Level 7.6(7.7) Maces & Flails
 - Level 1.8(5.1) Staves
 + Level 0.6 Throwing
 - Level 4.0 Dodging
 - Level 3.2 Stealth
 + Level 4.1 Spellcasting
 - Level 7.0 Conjurations
 + Level 3.1 Translocations
 + Level 6.0 Air Magic
 - Level 1.0 Poison Magic
 - Level 1.0 Evocations


You had 9 spell levels left.
You knew the following spells:

 Your Spells              Type           Power      Damage    Failure   Level
a - Magic Dart            Conj           100%       1d8       1%          1
b - Searing Ray           Conj           100%       2d8       1%          2
c - Iskenderun's Mystic   Conj/Tloc      40%        2d9       14%         4

Your spell library contained the following spells:

 Spells                   Type           Power      Damage    Failure   Level
 Dazzling Flash           Conj/Hex       58%        N/A       8%          3
 Gell's Gravitas          Tloc           27%        N/A       9%          3
 Lesser Beckoning         Tloc           27%        N/A       9%          3
 Teleport Other           Tloc           27%        N/A       9%          3
 Fulminant Prism          Conj/Hex       14%        3d9       26%         4
 Ozocubu's Armour         Ice            6%         N/A       32%         3
 Alistair's Intoxication  Tmut/Pois      6%         N/A       94%         5
 Borgnjor's Vile Clutch   Necr/Erth      3%         N/A       97%         5
 Eringya's Noxious Bog    Tmut/Pois      5%         N/A       100%        6
 Ozocubu's Refrigeration  Ice            3%         4d5       100%        7


Dungeon Overview and Level Annotations

Branches:
Dungeon (7/15)             Temple (1/1) D:7          Bailey (1/1)

Altars:
Ashenzari
Cheibriados
Dithmenos
Elyvilon
Fedhas
Gozag
Kikubaaqudgha
Nemelex Xobeh
Qazlal
Ru
Sif Muna
Xom
Yredelemnul
Zin

Shops:
D:3 ?=

Annotations:
D:4 2 transporters, Bediveer's ghost, amateur HOMo


Innate Abilities, Weirdness & Mutations

You can breathe wild blasts of lightning.
Your glossy black scales are hard. (AC +7)
You cannot fit into any form of body armour.
You are resistant to electric shocks. (rElec)
You are cold-blooded and may be slowed by cold attacks.


Message History

Aim: an orc knight, wielding a +0 war axe and wearing a +0 plate armour (lightly wounded, 57% to hit)
You throw a poisoned dart.
The poisoned dart completely misses the orc knight.
It was a potion of ambrosia.
You are confused.
You feel invigorated.
You feel sick.
You are no longer poisoned.
You feel less invigorated.
You feel less confused. The orc knight completely misses you.
Your magical contamination has completely faded away.
The orc knight hits you with a +0 war axe!!
Casting: Magic Dart (safe; 1% risk of failure)
Confirm with . or Enter, or press ? or * to list all spells.
You erupt in a blast of force!
The mystic blast hits the orc knight!
The orc knight is moderately wounded.
The orc knight is knocked back by the mystic blast.
Casting: Iskenderun's Mystic Blast (dangerous; 14% risk of failure)
Confirm with . or Enter, or press ? or * to list all spells.
You erupt in a blast of force!
The mystic blast hits the orc knight.
The orc knight is moderately wounded.
The orc knight is knocked back by the mystic blast.
Casting: Iskenderun's Mystic Blast (dangerous; 14% risk of failure)
Confirm with . or Enter, or press ? or * to list all spells.
Aiming: Searing Ray (safe; 1% risk of failure)
Press: ? - help, Shift-Dir - straight line, f/p - orc knight
Aim: an orc knight, wielding a +0 war axe and wearing a +0 plate armour (moderately wounded, 81% to hit)
You miscast Searing Ray.
You are very lightly contaminated with residual magic.
Nothing appears to happen.
You feel very mighty all of a sudden. The orc knight misses you.
There is a broken gate, spattered with blood here.
You barely miss the orc knight.
The orc knight is moderately wounded.
The orc knight hits you with a +0 war axe!!
* * * LOW HITPOINT WARNING * * *
You feel clever all of a sudden.
The orc knight hits you with a +0 war axe.
You die...

.###≈≈.......≈≈#
....≈≈.......≈≈.
#≈≈..(....≈≈#
##≈..(....≈#
####.((####
#...# #())#
#o.(# ##@')##
##..∩..##
#.......#
#...∩...#
##.....##
#######


You could see an orc knight.

Vanquished Creatures
  Prince Ribbit (D:7)
  Grinder (D:4)
  4 yaks
  2 water moccasins (D:7)
  4 black bears
  An orc warrior (D:7)
  An ice beast (D:6)
  A sky beast (D:5)
  An ogre (D:6)
  A bullfrog (D:6)
  5 kobold brigands
  A water moccasin zombie (D:6)
  A wyvern zombie (D:6)
  A water moccasin skeleton (D:6)
  A howler monkey (D:5)
  3 hounds (D:5)
  4 bullfrog zombies
  5 centaur zombies
  A jelly (D:6)
  A centaur skeleton (D:5)
  Crazy Yiuf (D:4)
  3 bullfrog skeletons (D:6)
  An iguana (D:4)
  8 orc wizards
  2 killer bee zombies (D:6)
  2 howler monkey zombies (D:6)
  8 adders
  A gnoll (D:1)
  A shadow imp (D:6)
  2 white imps (D:6)
  An ufetubus (D:3)
  A worm (D:2)
  A dart slug (D:2)
  15 orcs
  8 ball pythons
  12 endoplasms
  5 giant cockroaches
  3 hobgoblins (D:3)
  4 jackals (D:1)
  4 quokkas
  11 bats
  5 frilled lizards
  10 goblins
  26 kobolds
  3 rats
178 creatures vanquished.

Vanquished Creatures (others)
  An orc (D:3)
  A fungus (D:4)
  15 withered plants (D:6)
17 creatures vanquished.

Grand Total: 195 creatures vanquished

Notes
Turn   | Place    | Note
-------+----------+-------------------------------------------
     0 | D:1      | hawla the Draconian Conjurer began the quest for the Orb.
     0 | D:1      | Reached XP level 1. HP: 14/14 MP: 3/3
   220 | D:1      | Found a faded altar of an unknown god.
   259 | D:1      | Reached XP level 2. HP: 20/20 MP: 0/5
   344 | D:1      | Learned a level 2 spell: Searing Ray
   646 | D:1      | Reached XP level 3. HP: 23/26 MP: 0/6
  1487 | D:2      | Reached skill level 5 in Conjurations
  2352 | D:2      | Reached XP level 4. HP: 26/33 MP: 4/7
  2357 | D:2      | Learned a level 4 spell: Iskenderun's Mystic Blast
  3217 | D:3      | Reached XP level 5. HP: 38/38 MP: 8/8
  3328 | D:3      | Found Ytadept's Magic Scroll Boutique.
  3333 | D:3      | Bought a scroll of magic mapping for 45 gold pieces
  3333 | D:3      | Bought a scroll of teleportation for 39 gold pieces
  3333 | D:3      | Bought a scroll of identify for 26 gold pieces
  3393 | D:3      | Found Jiof's Jewellery Shoppe.
  3493 | D:3      | You fall into a shaft and drop 1 floor!
  3528 | D:4      | Reached skill level 1 in Staves
  3848 | D:4      | Found a runed translucent door.
  3849 | D:4      | Noticed Crazy Yiuf
  3969 | D:4      | Noticed an ogre
  3970 | D:4      | Found a transporter.
  3970 | D:4      | Noticed Bediveer's ghost (amateur HOMo)
  3971 | D:4      | Noticed an ogre
  4065 | D:4      | Found a stormy altar of Qazlal.
  4087 | D:4      | Noticed Grinder
  4094 | D:4      | Killed Grinder
  4095 | D:4      | Reached skill level 1 in Fighting
  4095 | D:4      | Reached XP level 6. HP: 44/47 MP: 11/11
  4669 | D:3      | Identified the +6 whip "Kiq Tautae" {protect, rCorr Stlth+}
  5349 | D:5      | Entered Level 5 of the Dungeon
  5576 | D:5      | Your scales start taking on a glossy black colour.
  5576 | D:5      | Reached XP level 7. HP: 52/52 MP: 12/12
  5576 | D:5      | Gained mutation: You are resistant to electric shocks.
                  | (rElec) [Black Draconian growth]
  5633 | D:4      | Found a transporter.
  5715 | D:4      | Killed Crazy Yiuf
  6124 | D:5      | Reached skill level 1 in Poison Magic
  6225 | D:5      | Noticed a yak
  6225 | D:5      | Noticed a yak
  6227 | D:5      | Reached skill level 1 in Air Magic
  6227 | D:5      | Noticed a yak
  6401 | D:4      | Reached skill level 1 in Maces & Flails
  6401 | D:4      | Reached skill level 1 in Translocations
  6401 | D:4      | Reached skill level 1 in Evocations
  6407 | D:4      | Killed a yak
  6553 | D:5      | Reached XP level 8. HP: 62/62 MP: 14/14
  7685 | D:6      | Reached skill level 5 in Maces & Flails
  7705 | D:6      | Reached XP level 9. HP: 69/70 MP: 1/15
  7849 | D:6      | Found a shimmering blue altar of Sif Muna.
  9040 | D:7      | Reached skill level 5 in Air Magic
  9056 | D:7      | Found a staircase to the Ecumenical Temple.
  9069 | Temple   | Entered the Ecumenical Temple
  9407 | D:7      | Found a flagged portal.
  9410 | D:7      | Noticed Prince Ribbit
  9418 | D:7      | Killed Prince Ribbit
  9424 | Bailey   | Entered a bailey
  9509 | Bailey   | Noticed an orc knight
  9529 | Bailey   | Slain by an orc knight

Illustrated notes

Levels and vault maps discovered:
D:1:      dpeg_arrival_short_road, layout_basic,
          ebering_ecumenical_altar_petrified
D:2:      layout_basic, serial_park_tiny_2, minmay_box_of_dots
D:3:      wad_river_or_something, layout_loops_cross, serial_glass,
          glass_columns_b, glass_columns_b, serial_shops, shop,
          nicolae_lakefront_shop
D:4:      layout_basic, mainiacjoe_overflow_chevrons, gammafunk_ghost_smash,
          uniq_crazy_yiuf_cottage, uniq_grinder
D:5:      layout_cave_pods
D:6:      layout_loops_ring, nicolae_sif_muna_condensation, serial_undead,
          serial_undead_b, serial_undead_c, serial_undead_f, serial_undead_e,
          serial_undead_d, serial_undead_c, serial_undead_b, serial_undead_b
D:7:      layout_basic, minmay_temple_entry_purple_smoke, enter_bailey_2,
          uniq_prince_ribbit1
Temple:   chequers_temple_sunken
Bailey:   bailey_axe_3, bailey

Skill      XL: |  1  2  3  4  5  6  7  8  9 |
---------------+----------------------------+-----
Stealth        | 2 3 |  3.2
Conjurations   | 5 6 7 |  7.0
Dodging        | 2 3 4 |  4.0
Staves         | 1 |  1.8
Fighting       | 1 2 3 4 |  4.6
Spellcasting   | 3 4 |  4.1
Poison Magic   | 1 |  1.0
Air Magic      | 1 6 |  6.0
Maces & Flails | 2 5 7 |  7.6
Translocations | 1 3 |  3.1
Evocations     | 1 |  1.0
Throwing       | |  0.6

Action                   |  1- 3 |  4- 6 |  7- 9 || total
-------------------------+-------+-------+-------++-------
Melee: Unarmed           |    10 |       |       ||    10
       Tailslap          |     1 |     2 |    23 ||    26
       Quarterstaff      |     7 |     7 |       ||    14
       Club              |     6 |       |       ||     6
       Punch             |     1 |       |     3 ||     4
       Staff             |       |    23 |       ||    23
       Whip              |       |       |   143 ||   143
Throw: Dart              |       |       |     7 ||     7
 Cast: Magic Dart        |    58 |    21 |    15 ||    94
       Searing Ray       |    10 |    41 |    41 ||    92
       Iskenderun's Myst |       |     3 |    32 ||    35
  Use: Scroll            |       |     7 |     7 ||    14
       Potion            |       |     3 |     7 ||    10
 Stab: Sleeping          |     1 |       |       ||     1
       Distracted        |       |       |     1 ||     1
Armor: Skin              |    13 |    38 |   153 ||   204
Dodge: Dodged            |    20 |    45 |   152 ||   217
